 Dungeon Sprint DCSS version 0.06-4-g7138dfb037 (webtiles) character file.

Game seed: 45762381837157938, levelgen mode: deterministic

4 petercordia the Ducker (level 1, 0/3 HPs) Fairy Priest. Began on June 17, 2022. Slain by a rime drake (1 damage) ... in the Dungeon (Sprint VII: "The Pits"). The game lasted 00:01:06 (40 turns).

petercordia the Ducker (Fairy Priest)                 Turns: 40, Time: 00:01:07

Health: 0/3        AC:  0    Str:  4    XL:     1 ^: 5
Magic:  3/3        EV: 21    Int: 18    God:
Gold:   0          SH:  0    Dex: 14    Spells: 0/1 levels left

rFire    . . .     Slash    +   (no jewelry)
rCold    . . .     Pierce   +
rNeg     . . .     Bludgeon +
rCorr    . . .     Vision   .
rPois    .         Gourm    .
rElec    .         Faith    .
MR       .....     Spirit   .
HPRegen  0.11/turn Reflect  .
MPRegen  0.13/turn Harm     .   Stlth +.........NoTele +

@: very slightly contaminated, glowing, slow
A: tiny, no armour or weapons, only one jewelry slot, no melee attacks, fairy
magic, fairy shield, decreased potion and divine healing, unfitting armour,
flight, slowness 1, fairy light 1, insubstantial
a: Fly


You were in the Dungeon.
You were not hungry.

You visited 1 branch

Inventory:

Scrolls
 g - a scroll of blinking
Potions
 b - a potion of curing
 c - a potion of heal wounds
 d - a potion of haste
 e - 2 potions of magic
 f - a potion of berserk rage
Comestibles
 a - a ration


   Skills:
 + Level 3.9 Dodging
 + Level 2.0 Stealth
 + Level 0.7 Spellcasting
 + Level 1.7 Fire Magic
   Level 3.6 Invocations


You couldn't memorise any spells.
You knew the following spells:

 Your Spells              Type           Power        Failure   Level  Hunger
a - Foxfire               Fire           6 (25)       11%         1    27-47
Your spell library was empty.

Dungeon Overview and Level Annotations

Branches:
Dungeon (1/1)

Altars:
Cheibriados
Dithmenos
Elyvilon
Fedhas Madash
Gozag Ym Sagoz
Hepliaklqana
Makhleb
Nemelex Xobeh
Okawaru
Qazlal
Ru
Sif Muna
Vehumet
Wu Jian
Xom
Yredelemnul
Zin
The Shining One Bahamut & Tiamat
Lugonu


Innate Abilities, Weirdness & Mutations

You are too small to use any gear.
You can wear a single ring or amulet completely around your body.
You are incapable of melee of any kind.
Your magic reserves are extremely low but spells that normally cost one mana are free and all other spells cost one mana.
You are extremely frail but all attacks that strike you do exactly one damage.
The effect of potions and godly healing effects is reduced to match your tiny health and magic reserves.
You are able to fly continuously.
You cover ground slowly.
You exude a bright light in a small radius around yourself.
Your insubstantial form grants resistance to all physical attack and full immunity to sticky flames, nets and constriction. (rPhysical+)


Message History

The rime drake is healthy. (33/33) HP The rime drake barely misses you. x2
Casting: Foxfire (safe; 11% risk of failure)
Confirm with . or Enter, or press ? or * to list all spells.
You miscast Foxfire.
Wisps of smoke drift from your hands. The rime drake breathes ice at you.
The flash freeze hits you (17)!
You are encased in ice.
Unknown command.
Casting: Foxfire (safe; 11% risk of failure)
Confirm with . or Enter, or press ? or * to list all spells.
You conjure some foxfire!
The rime drake bites you (7)!
Unknown command.
The ice encasing you melts away.
The foxfire hits the rime drake (2).
The rime drake is lightly wounded. (31/33) HP The foxfire hits the rime drake but does no damage.
The rime drake is lightly wounded. (31/33) HP The rime drake bites you (6).
You die...

######### _k_____.#
_______.#
______k.###########++
#####'##...........
+)))'.##§.....#..#.
######.##.........§.
.........'k@.......§.
####+#####......#..#.
#...........
####'#####++
#.......# #.......#
#.......# #...<...#
#.......#


You could see a rime drake.

Vanquished Creatures
  An ooze (D)
1 creature vanquished.

Vanquished Creatures (others)
  16 foxfires (D)
16 creatures vanquished.

Grand Total: 17 creatures vanquished

Notes
Turn   | Place    | Note
-------+----------+-------------------------------------------
     0 | D        | petercordia the Fairy Priest began the quest for the Orb.
     0 | D        | Reached XP level 1. HP: 3/3 MP: 3/3
    28 | D        | Found a glowing golden altar of the Shining One.
    28 | D        | Found a glowing silver altar of Zin.
    28 | D        | Found a basalt altar of Yredelemnul.
    28 | D        | Found a shimmering altar of Xom.
    28 | D        | Found an ornate altar of the Wu Jian Council.
    28 | D        | Found a radiant altar of Vehumet.
    28 | D        | Found a shimmering blue altar of Sif Muna.
    28 | D        | Found a sacrificial altar of Ru.
    28 | D        | Found a stormy altar of Qazlal.
    28 | D        | Found an iron altar of Okawaru.
    28 | D        | Found a sparkling altar of Nemelex Xobeh.
    28 | D        | Found a burning altar of Makhleb.
    28 | D        | Found a corrupted altar of Lugonu.
    28 | D        | Found a hazy altar of Hepliaklqana.
    28 | D        | Found an opulent altar of Gozag.
    28 | D        | Found a blossoming altar of Fedhas.
    28 | D        | Found a white marble altar of Elyvilon.
    28 | D        | Found a shadowy altar of Dithmenos.
    28 | D        | Found a snail-covered altar of Cheibriados.
    28 | D        | Found an ornate altar of Bahamut and Tiamat.
    28 | D        | Noticed a rime drake
    40 | D        | Slain by a rime drake

Levels and vault maps discovered:
D:        pitsprint [storerooms_1, entrance_room_1, metal_vault_3, armoury_1,
          mini_pit_1, grid_room_1, main_hall_1, silver_pit, the_coven_1,
          the_vestibule_1, steel_vault_1, golden_pit, hallway_of_sentries,
          crystal_vault_5, iron_vault_3, final_vault]

Skill      XL: |  1 |
---------------+----+-----
Dodging        | 3 |  3.9
Stealth        | 2 |  2.0
Spellcasting   | |  0.7
Fire Magic     | |  1.7
Invocations    | |  3.6

Action                   || total
-------------------------++-------
 Cast: Foxfire           ||     9
Dodge: Dodged            ||     6
